 Dungeon Crawl Stone Soup version 0.31-a0-75-g6fe912e8c5 (webtiles) character file.

Game seed: 8353244378127976982

1923 greasedhog the Zephyrmancer (level 9, -1/45 HPs)
             Began as a Tengu Air Elementalist on May 24, 2023.
             Was a Believer of Vehumet.
             Killed from afar by Maggie (29 damage)
             ... with a bolt of fire
             ... on level 6 of the Dungeon.
             The game lasted 00:10:38 (7545 turns).

greasedhog the Zephyrmancer (TeAE)                  Turns: 7545, Time: 00:10:40

Health: -1/45      AC:  4    Str:  9    XL:     9   Next: 17%
Magic:  3/26       EV: 19    Int: 19    God:    Vehumet [**....]
Gold:   333        SH:  0    Dex: 15    Spells: 6/18 levels left

rFire   . . .        a - staff of air
rCold   . . .        (no shield)
rNeg    . . .        C - +0 robe
rPois   .            (helmet restricted)
rElec   +            v - +0 cloak
rCorr   .            n - +0 pair of gloves
SInv    .            (boots unavailable)
Will    .....        y - amulet of regeneration
Stlth   ++           g - +5 ring of evasion
HPRegen 1.07/turn    e - ring of magical power
MPRegen 0.20/turn

%: no passive effects
@: flying quickly and evasively, quick
A: beak, talons 3, nimble flight
a: Renounce Religion


You were on level 6 of the Dungeon.
You worshipped Vehumet.
Vehumet was pleased with you.
You visited 2 branches of the dungeon, and saw 7 of its levels.
You also visited: Sewer and Ossuary.

You collected 333 gold pieces.

Inventory:

Missiles
 A - 4 silver javelins
Armour
 n - a +0 pair of gloves (worn)
 v - a +0 cloak (worn)
 C - a +0 robe (worn)
Magical Staves
 a - a staff of air (weapon)
Jewellery
 e - a ring of magical power (right hand)
 g - a +5 ring of evasion (left hand)
 r - a ring of protection from cold
 y - an amulet of regeneration (around neck)
Scrolls
 c - a scroll of blinking {unknown}
 d - 4 scrolls of fear
 j - 7 scrolls of magic mapping
 m - a scroll of noise {unknown}
 q - 8 scrolls of teleportation
 u - a scroll of enchant weapon {unknown}
 w - a scroll of enchant armour {unknown}
 D - a scroll of brand weapon
 E - a scroll of silence {unknown}
 F - a scroll of immolation {unknown}
Potions
 b - a potion of magic
 f - 3 potions of attraction
 h - 2 potions of lignification {unknown}
 i - 3 potions of might {unknown}
 k - 3 potions of heal wounds {unknown}
 l - 7 potions of curing {unknown}
 o - 3 potions of ambrosia {unknown}
 p - a potion of brilliance {unknown}
 s - a potion of cancellation {unknown}
 t - 2 potions of berserk rage {unknown}
 B - a potion of haste {unknown}
 G - a potion of mutation


   Skills:
 - Level 2.1 Dodging
 - Level 2.0 Stealth
 + Level 5.1 Spellcasting
 * Level 9.7 Conjurations
 * Level 10.4 Air Magic


You had 6 spell levels left.
You knew the following spells:

 Your Spells              Type           Power      Damage    Failure   Level
a - Shock                 Conj/Air       100%       1d9       1%          1
b - Static Discharge      Conj/Air       100%       2-7/arc   1%          2
c - Blink                 Tloc           8%         N/A       19%         2
d - Swiftness             Air            61%        N/A       1%          3
e - Airstrike             Air            30%        2d(5-21)  1%          4

Your spell library contained the following spells:

 Spells                   Type           Power      Damage    Failure   Level
 Searing Ray              Conj           82%        2d7       1%          2
 Momentum Strike          Conj/Tloc      40%        3d9       3%          2
 Lesser Beckoning         Tloc           8%         N/A       19%         2


Dungeon Overview and Level Annotations

Branches:
Dungeon (6/15)             Temple (1/1) D:5           Sewer (visited)
Ossuary (visited)

Altars:
Ashenzari
Cheibriados
Dithmenos
Elyvilon
Fedhas
Gozag
Hepliaklqana
Kikubaaqudgha
Makhleb
Nemelex Xobeh
Qazlal
Ru
Sif Muna
Trog
Uskayaw
Vehumet
Wu Jian
Xom
Yredelemnul
Zin
The Shining One

Shops:
D:5 (

Annotations:
D:6 Maggie


Innate Abilities, Weirdness & Mutations

You have a beak for a mouth.
You have claws for feet.
Your magical nature lets you fly swiftly and evasively.


Message History

You feel a surge of power!
The air twists around and strikes Maggie!
Maggie is heavily wounded.
Casting: Airstrike (dangerous; 1% risk of failure)
Confirm with . or Enter, or press ? or * to list all spells.
You don't have enough magic to cast this spell.
Unknown command.
Casting: Airstrike (dangerous; 1% risk of failure)
Confirm with . or Enter, or press ? or * to list all spells.
You don't know that spell.
You hit Maggie but do no damage. Your kick misses Maggie.
You peck Maggie, but do no damage.
Maggie is heavily wounded.
You break out of your daze.
Maggie barely misses you. x2
You barely miss Maggie. You peck Maggie, but do no damage.
Maggie is heavily wounded.
Maggie mumbles some strange words.
Maggie attempts to bespell you! You resist.
You barely miss Maggie. You claw Maggie.
Maggie is heavily wounded.
Maggie gestures wildly while chanting.
Maggie attempts to bespell you! You resist.
You closely miss Maggie.
Maggie is heavily wounded.
Maggie completely misses you.
You hit Maggie.
Maggie is electrocuted!
You peck Maggie.
Maggie is severely wounded.
Maggie misses you.
You hit Maggie but do no damage.
Maggie is electrocuted!
Your kick misses Maggie. Your peck misses Maggie.
Maggie is almost dead.
Maggie barely misses you. Maggie hits you with a +0 broad axe!
You hit Maggie but do no damage. Your kick misses Maggie.
You peck Maggie, but do no damage.
Maggie is almost dead.
Maggie casts a spell at you. The bolt of fire hits you!!
Ouch! That really hurt!
You die...

... .). .. .. .... #.##
... ... #.### #)# .#....
#######@##########.#....
.......@................
#######.(..######....#..
####...####..#.#..
###...##..†....
###..#..#....
##.†..#.... ##.>.#....
###.#.... #.#....


You could see Maggie.

Vanquished Creatures
  Edmund (D:6)
  Duvessa (D:4)
  2 sky beasts
  An ice beast (D:5)
  2 black bears
  2 ogres (D:4)
  A phantom (D:4)
  Blork the orc (D:4)
  3 scorpions
  3 water moccasin zombies (Ossuary)
  Dowan (D:4)
  A gnoll bouda (D:3)
  2 hounds (D:5)
  3 iguanas
  2 mummies (Ossuary)
  6 gnolls
  7 adders
  5 river rats (Sewer)
  An ufetubus (D:5)
  5 adder zombies (Ossuary)
  5 worms
  5 dart slugs
  7 orcs
  13 ball pythons
  7 endoplasms
  11 giant cockroaches
  7 gnoll zombies (Ossuary)
  5 goblins
  4 hobgoblins
  11 jackals
  5 quokkas
  12 bats
  4 frilled lizards
  6 hobgoblin zombies (Ossuary)
  4 kobolds
  3 kobold zombies (Ossuary)
  5 orc zombies (Ossuary)
  2 rats
166 creatures vanquished.

Notes
Turn   | Place    | Note
-------+----------+-------------------------------------------
     0 | D:1      | greasedhog the Tengu Air Elementalist began the quest for
                  | the Orb.
     0 | D:1      | Reached XP level 1. HP: 10/10 MP: 4/4
   259 | D:1      | Reached XP level 2. HP: 15/15 MP: 0/6
   874 | D:1      | Found a faded altar of an unknown god.
  1712 | D:2      | Learned a level 2 spell: Static Discharge
  1715 | D:2      | Learned a level 2 spell: Blink
  1796 | D:2      | Reached XP level 3. HP: 19/19 MP: 7/7
  2410 | D:3      | Noticed a scorpion
  2418 | D:3      | Killed a scorpion
  2419 | D:3      | Reached skill level 5 in Air Magic
  2419 | D:3      | Reached XP level 4. HP: 14/24 MP: 6/8
  2700 | D:3      | Gained mutation: Your magical nature lets you fly swiftly
                  | and evasively. [Tengu growth]
  2700 | D:3      | Reached XP level 5. HP: 28/28 MP: 9/9
  2767 | D:3      | Found an ornate altar of the Wu Jian Council.
  3306 | D:4      | Reached skill level 6 in Air Magic
  3345 | D:4      | Learned a level 3 spell: Swiftness
  3384 | D:4      | Noticed a phantom
  3391 | D:4      | Killed a phantom
  3392 | D:4      | Reached skill level 5 in Conjurations
  3392 | D:4      | Reached XP level 6. HP: 27/32 MP: 11/11
  3464 | D:4      | Noticed Duvessa
  3471 | D:4      | Killed Duvessa
  3472 | D:4      | Noticed Dowan
  3477 | D:4      | Killed Dowan
  3501 | D:4      | Reached skill level 7 in Air Magic
  3501 | D:4      | Reached XP level 7. HP: 33/36 MP: 3/13
  3965 | D:4      | Reached skill level 8 in Air Magic
  4020 | D:4      | Noticed Blork the orc
  4026 | D:4      | Killed Blork the orc
  4390 | D:4      | Reached XP level 8. HP: 41/41 MP: 15/15
  4504 | D:5      | Entered Level 5 of the Dungeon
  4517 | D:5      | Found a staircase to the Ecumenical Temple.
  4526 | Temple   | Entered the Ecumenical Temple
  4758 | Temple   | Became a worshipper of Vehumet
  4910 | D:5      | Found Teuxzeun's Hydra Hut.
  4914 | D:5      | Noticed a five-headed hydra
  4944 | D:5      | Found a sand-covered staircase.
  4949 | Ossuary  | Entered an ossuary
  5066 | Ossuary  | Learned a level 4 spell: Airstrike
  5134 | Ossuary  | Reached * piety under Vehumet
  5134 | Ossuary  | Offered knowledge of Magic Dart by Vehumet.
  5444 | D:5      | Reached skill level 9 in Air Magic
  6134 | D:5      | Found a hide-covered altar of Uskayaw.
  6148 | D:5      | Found an ancient bone altar of Kikubaaqudgha.
  6154 | D:5      | Found a stormy altar of Qazlal.
  6161 | D:5      | Found a shimmering blue altar of Sif Muna.
  6166 | D:5      | Found a white marble altar of Elyvilon.
  6174 | D:5      | Found an opulent altar of Gozag.
  6179 | D:5      | Found a glowing golden altar of the Shining One.
  6528 | D:6      | Found a glowing drain.
  6544 | Sewer    | Entered a sewer
  6546 | Sewer    | Offered knowledge of Scorch by Vehumet.
  6578 | Sewer    | Reached ** piety under Vehumet
  7148 | Sewer    | Offered knowledge of Searing Ray by Vehumet.
  7245 | D:6      | Noticed Edmund
  7255 | D:6      | Killed Edmund
  7256 | D:6      | Reached skill level 5 in Spellcasting
  7256 | D:6      | Reached skill level 10 in Air Magic
  7256 | D:6      | Reached XP level 9. HP: 19/45 MP: 12/17
  7530 | D:6      | Noticed Maggie
  7545 | D:6      | Killed from afar by Maggie

Illustrated notes

Levels and vault maps discovered:
D:1:      dpeg_arrival_leaves_temple_mockup, layout_loops_corners,
          hellmonk_ecumenical_altar_run_dry
D:2:      layout_loops_ring, patterned_corridor
D:3:      layout_basic, nzn_wu_jian_contemplation, kennysheep_generic_room_13
D:4:      layout_gridville, uniq_duvessa, uniq_blork_the_orc
D:5:      layout_basic, grunt_temple_overflow_octagram,
          minmay_temple_entry_drinking_statues, nicolae_ossuary_entry_plus,
          doesnt_shop_hydraphobe
D:6:      layout_basic, portal_sewer_entry_f, uniq_grinder, uniq_edmund,
          uniq_maggie
Temple:   oiseaux_autumnal_temple

Skill      XL: |  1  2  3  4  5  6  7  8 |
---------------+-------------------------+-----
Conjurations   | 2 3 4 5 6 7 9 |  9.7
Air Magic      | 5 6 7 8 10 | 10.4
Spellcasting   | 3 4 5 |  5.1
Dodging        | |  2.1
Stealth        | |  2.0

Action                     |  1- 3 |  4- 6 |  7- 9 || total
---------------------------+-------+-------+-------++-------
  Melee: Staff             |     2 |       |    20 ||    22
         Peck              |       |       |     7 ||     7
         Kick              |       |       |     4 ||     4
   Cast: Shock             |    65 |    59 |   221 ||   345
         Static Discharge  |     3 |     6 |    38 ||    47
         Airstrike         |       |       |     9 ||     9
         Swiftness         |       |       |     2 ||     2
    Use: Scroll            |     4 |       |     3 ||     7
   Stab: Sleeping          |       |       |     1 ||     1
 Armour: Robe              |     2 |       |    16 ||    18
  Dodge: Dodged            |     7 |    15 |   111 ||   133

Table legend: (Time is in decaauts)
 A = Elapsed time spent in this place.
 B = Non-inter-level travel time spent in this place.
 C = Inter-level travel time spent in this place.
 D = Time resting spent in this place.
 E = Time spent auto-exploring this place.
 F = Levels seen in this place.
 G = Mean time per level.
                   A        B        C        D        E       F      G
               +--------+--------+--------+--------+--------+-----+--------+
         Total |   7272 |   7105 |    167 |    277 |   5924 |   9 |  808.0 |
       Dungeon |   5926 |   5805 |    121 |    266 |   4874 |   6 |  987.7 |
        Temple |    238 |    192 |     46 |      0 |    181 |   1 |  238.0 |
         Sewer |    663 |    663 |      0 |      0 |    531 |   1 |  663.0 |
       Ossuary |    444 |    444 |      0 |     11 |    336 |   1 |  444.0 |
               +--------+--------+--------+--------+--------+-----+--------+

Top non-repeatable levels by time:
     D:3: 1337 daAuts
     D:1: 1085 daAuts
     D:5: 1065 daAuts
     D:4: 1061 daAuts
     D:2: 916 daAuts
   Sewer: 663 daAuts
     D:6: 459 daAuts
 Ossuary: 444 daAuts
  Temple: 238 daAuts
